 Dungeon Crawl Stone Soup version 0.31-a0-157-g0643eb4156 (webtiles) character file.

Game seed: 5436943337537271143

354 qw the Shooter (level 6, -3/57 HPs)
             Began as a Naga Hunter on June 12, 2023.
             Succumbed to a kobold's poison
             ... on level 4 of the Dungeon.
             The game lasted 00:01:12 (2328 turns).

qw the Shooter (Naga Hunter)                        Turns: 2328, Time: 00:01:12

Health: -3/57      AC:  4    Str: 14    XL:     6   Next: 63%
Magic:  6/6        EV:  9    Int:  9    God:
Gold:   166        SH:  0    Dex: 16    Spells: 5/5 levels left

rFire   . . .        Y - +2 shortbow (elec)
rCold   . . .        (shield currently unavailable)
rNeg    . . .        c - +0 leather armour
rPois   +            d - +0 helmet
rElec   .            (no cloak)
rCorr   +            (no gloves)
SInv    +            (no barding)
Will    .....        i - amulet of faith
Stlth   ++           j - ring of resist corrosion
HPRegen 0.29/turn    (no ring)
MPRegen 0.10/turn

%: faith
@: lethally poisoned (-3 -> -27), short of breath, very slow
A: AC +2, large, see invisible, deformed body, poison resistance, slowness 2,
spit poison 1, naga tail 1
a: Spit Poison


You were on level 4 of the Dungeon.
You visited 1 branch of the dungeon, and saw 4 of its levels.

You collected 166 gold pieces.


Innate Abilities, Weirdness & Mutations

Your serpentine skin is tough. (AC +2)
You have supernaturally acute eyesight. (SInv)
Armour fits poorly on your strangely shaped body.
Your system is resistant to poisons. (rPois)
You cover ground very slowly.
You can spit poison.
You have a snake-like lower body.


   Skills:
 - Level 4.0 Fighting
 + Level 6.2 Ranged Weapons
 - Level 1.5 Dodging
 - Level 1.5 Stealth


You had 5 spell levels left.
You didn't know any spells.
Your spell library was empty.

Inventory:

Hand Weapons
 Y - a +2 shortbow of electrocution (weapon)
Armour
 c - a +0 leather armour (worn)
 d - a +0 helmet (worn)
Jewellery
 g - an amulet of regeneration
 i - an amulet of faith (around neck)
 j - a ring of resist corrosion (left hand)
Scrolls
 a - 2 scrolls of teleportation
 k - a scroll of identify
Potions
 b - a potion of haste
 e - a potion of ambrosia {unknown}
 f - a potion of degeneration {unknown}
 h - a potion of brilliance {unknown}
 l - 2 potions of curing {unknown}
 m - a potion of attraction {unknown}
 n - a potion of berserk rage {unknown}
 o - a potion of mutation {unknown}

Dungeon Overview and Level Annotations

Branches:
Dungeon (4/15)
 Temple: D:4-7

Altars:
Dithmenos
Wu Jian

Shops:
D:2 [   D:3 ?

Annotations:
D:3 exclusion: bat


Message History

Aiming: Spit Poison (1% risk of failure)
Press: ? - help, Shift-Dir - straight line, f/p - kobold The splash of poison misses the kobold.
You feel very sick.
The kobold hits you with a +2 short sword of venom.
You shoot an arrow. The arrow closely misses the kobold.
You feel very sick. The kobold closely misses you.
You shoot an arrow.
The arrow hits the kobold but does no damage.
The kobold is heavily wounded.
You feel sick.
The kobold hits you with a +2 short sword of venom.
You shoot an arrow.
The arrow hits the kobold but does no damage.
The kobold is heavily wounded.
You have got your breath back.
You feel sick.
The kobold hits you with a +2 short sword of venom.
You are more poisoned.
2324 ||| INVOKING Spit Poison.
Aiming: Spit Poison (1% risk of failure)
Press: ? - help, Shift-Dir - straight line, f/p - kobold The splash of poison misses the kobold.
You feel very sick. The kobold hits you but does no damage.
You are more poisoned.
You shoot an arrow. The arrow barely misses the kobold.
You feel very sick.
The kobold hits you with a +2 short sword of venom.
You are lethally poisoned!
The kobold hits you but does no damage.
You are more poisoned.
You shoot an arrow. The arrow hits the kobold.
You kill the kobold!
You feel extremely sick.
There is a lethal amount of poison in your body!
You feel extremely sick.
There is a lethal amount of poison in your body!
You die...

.# ..### . .. ..... #.
... .... .. #.. ....
.#### ... ..### ...##.#
#...# .....# ##.#.###
###..#
.......#######..@)#
#%.............##%......
.....#....###### ##..##.
####...##..# ###. [# .#
# ###.###.# #.. ...# #
#......###.# #. #
#.###..##.)### .. # #..
#........### .# # ##.
##..#.##...##.#


There were no monsters in sight!

Vanquished Creatures
  An ogre (D:4)
  An iguana (D:4)
  Jessica (D:3)
  Natasha (twice) (D:3)
  6 adders
  A gnoll (D:1)
  2 dart slugs
  11 orcs
  8 ball pythons
  5 endoplasms
  4 giant cockroaches
  6 goblins
  5 hobgoblins
  9 jackals
  3 quokkas
  6 bats
  2 frilled lizards (D:2)
  11 kobolds
  6 rats
90 creatures vanquished.

Notes
Turn   | Place    | Note
-------+----------+-------------------------------------------
     0 | D:1      | qw the Naga Hunter began the quest for the Orb.
     0 | D:1      | Reached XP level 1. HP: 19/19 MP: 1/1
     0 | D:1      | 0 ||| qw: Version: 0.2-a-29-gc1b59c4
     0 | D:1      | 0 ||| qw: Game counter: 4103
     0 | D:1      | 0 ||| qw: Always use a shield: true
     0 | D:1      | 0 ||| qw: God list: Okawaru
     0 | D:1      | 0 ||| qw: Allow faded altars: false
     0 | D:1      | 0 ||| qw: Do Orc after D:15 true
     0 | D:1      | 0 ||| qw: Do second Lair branch before Depths: true
     0 | D:1      | 0 ||| qw: Lair rune preference: random
     0 | D:1      | 0 ||| qw: Plans: Normal
     0 | D:1      | 0 ||| PLANNING D:1-11
    18 | D:1      | 18 ||| INVOKING Spit Poison.
    27 | D:1      | 27 ||| INVOKING Spit Poison.
    79 | D:1      | 79 ||| INVOKING Spit Poison.
    82 | D:1      | Reached skill level 4 in Ranged Weapons
    82 | D:1      | Reached XP level 2. HP: 26/26 MP: 2/2
    91 | D:1      | 91 ||| INVOKING Spit Poison.
   100 | D:1      | 100 ||| INVOKING Spit Poison.
   162 | D:1      | 162 ||| INVOKING Spit Poison.
   191 | D:1      | 191 ||| INVOKING Spit Poison.
   195 | D:1      | 195 ||| INVOKING Spit Poison.
   225 | D:1      | Reached XP level 3. HP: 29/32 MP: 3/3
   227 | D:1      | 227 ||| INVOKING Spit Poison.
   281 | D:1      | 281 ||| INVOKING Spit Poison.
   287 | D:1      | 287 ||| INVOKING Spit Poison.
   332 | D:1      | 332 ||| INVOKING Spit Poison.
   338 | D:1      | 338 ||| INVOKING Spit Poison.
   353 | D:1      | 353 ||| INVOKING Spit Poison.
   544 | D:1      | 544 ||| UPGRADING to +0 helmet.
   549 | D:1      | 549 ||| DROPPING amulet of magic regeneration.
   550 | D:1      | 550 ||| UPGRADING to amulet of faith.
   555 | D:1      | 555 ||| READING scroll labelled DUMURE TYNNE.
   556 | D:1      | 556 ||| READING scroll labelled FUTASE BOH.
   561 | D:1      | 561 ||| READING scroll labelled CUMAOT JOMUSAA.
   562 | D:1      | 562 ||| READING scroll labelled YSO UGO REMO.
   563 | D:1      | 563 ||| READING scroll labelled PAZOAXK KASCHUW.
   564 | D:1      | 564 ||| DROPPING scroll of butterflies.
   587 | D:2      | 587 ||| INVOKING Spit Poison.
   591 | D:2      | 591 ||| INVOKING Spit Poison.
   632 | D:2      | 632 ||| INVOKING Spit Poison.
   674 | D:2      | 674 ||| INVOKING Spit Poison.
   688 | D:2      | 688 ||| INVOKING Spit Poison.
   705 | D:2      | 705 ||| INVOKING Spit Poison.
   711 | D:2      | 711 ||| INVOKING Spit Poison.
   753 | D:2      | 753 ||| INVOKING Spit Poison.
   758 | D:2      | 758 ||| INVOKING Spit Poison.
   761 | D:2      | 761 ||| INVOKING Spit Poison.
   839 | D:2      | Found Myiddaapt's Antique Armour Emporium.
   844 | D:2      | 844 ||| SHOPLISTING glowing ring mail (196 gold, have 77).
   844 | D:2      | 844 ||| SHOPLISTING shimmering robe (159 gold, have 77).
   878 | D:2      | 878 ||| INVOKING Spit Poison.
   882 | D:2      | Reached skill level 5 in Ranged Weapons
   882 | D:2      | Reached XP level 4. HP: 39/39 MP: 4/4
   941 | D:2      | 941 ||| INVOKING Spit Poison.
   952 | D:2      | 952 ||| READING scroll of enchant weapon.
   952 | D:2      | 952 ||| ENCHANTING +1 shortbow.
   955 | D:2      | 955 ||| INVOKING Spit Poison.
  1041 | D:2      | 1041 ||| INVOKING Spit Poison.
  1141 | D:2      | 1141 ||| INVOKING Spit Poison.
  1146 | D:2      | 1146 ||| INVOKING Spit Poison.
  1299 | D:2      | 1299 ||| READING scroll labelled WIHICV QAUXAIB.
  1300 | D:2      | 1300 ||| READING scroll labelled WADWU LAQOIMIE.
  1301 | D:2      | 1301 ||| READING scroll labelled VALODYR ULIZ.
  1302 | D:2      | 1302 ||| READING scroll labelled BOGULULOIRR.
  1303 | D:2      | 1303 ||| READING scroll labelled MYFAAW NYTOSOBACH.
  1329 | D:3      | Found Fohut's Magic Scroll Emporium.
  1335 | D:3      | 1335 ||| INVOKING Spit Poison.
  1394 | D:3      | 1394 ||| INVOKING Spit Poison.
  1414 | D:3      | Reached skill level 3 in Fighting
  1418 | D:3      | 1418 ||| INVOKING Spit Poison.
  1421 | D:3      | 1421 ||| INVOKING Spit Poison.
  1422 | D:3      | 1422 ||| INVOKING Spit Poison.
  1425 | D:3      | 1425 ||| INVOKING Spit Poison.
  1453 | D:3      | Reached XP level 5. HP: 49/49 MP: 5/5
  1479 | D:3      | 1479 ||| INVOKING Spit Poison.
  1506 | D:3      | 1506 ||| INVOKING Spit Poison.
  1512 | D:3      | 1512 ||| INVOKING Spit Poison.
  1513 | D:3      | 1513 ||| INVOKING Spit Poison.
  1567 | D:3      | Found a shadowy altar of Dithmenos.
  1585 | D:3      | 1585 ||| INVOKING Spit Poison.
  1589 | D:3      | 1589 ||| INVOKING Spit Poison.
  1608 | D:3      | Found an ornate altar of the Wu Jian Council.
  1649 | D:3      | Noticed Jessica
  1650 | D:3      | 1650 ||| READING scroll labelled REIDAZOINI.
  1651 | D:3      | 1651 ||| READING scroll labelled UDY GAVAEGAH VIXT.
  1652 | D:3      | 1652 ||| INVOKING Spit Poison.
  1655 | D:3      | Killed Jessica
  1670 | D:3      | 1670 ||| INVOKING Spit Poison.
  1736 | D:3      | Noticed Natasha
  1737 | D:3      | 1737 ||| INVOKING Spit Poison.
  1740 | D:3      | Killed Natasha
  1817 | D:3      | 1817 ||| INVOKING Spit Poison.
  1897 | D:3      | 1897 ||| INVOKING Spit Poison.
  1918 | D:3      | 1918 ||| INVOKING Spit Poison.
  2016 | D:3      | Noticed Natasha
  2017 | D:3      | 2017 ||| INVOKING Spit Poison.
  2020 | D:3      | Killed Natasha
  2021 | D:3      | Reached skill level 6 in Ranged Weapons
  2021 | D:3      | Reached XP level 6. HP: 51/56 MP: 6/6
  2138 | D:3      | 2138 ||| UPGRADING to ring of resist corrosion.
  2139 | D:3      | 2139 ||| READING 3 scrolls labelled NYAJEO AMMEH.
  2140 | D:3      | 2140 ||| READING 2 scrolls of identify.
  2140 | D:3      | 2140 ||| IDENTIFYING murky dark potion
  2152 | D:4      | 2152 ||| INVOKING Spit Poison.
  2186 | D:4      | 2186 ||| INVOKING Spit Poison.
  2192 | D:4      | 2192 ||| INVOKING Spit Poison.
  2199 | D:4      | 2199 ||| INVOKING Spit Poison.
  2263 | D:4      | 2263 ||| INVOKING Spit Poison.
  2282 | D:4      | 2282 ||| INVOKING Spit Poison.
  2286 | D:4      | 2286 ||| INVOKING Spit Poison.
  2313 | D:4      | 2313 ||| INVOKING Spit Poison.
  2317 | D:4      | 2317 ||| INVOKING Spit Poison.
  2320 | D:4      | 2320 ||| INVOKING Spit Poison.
  2324 | D:4      | 2324 ||| INVOKING Spit Poison.
  2326 | D:4      | HP: 8/57 [poisoned by a kobold]
  2327 | D:4      | HP: 2/57 [poisoned by a kobold]
  2328 | D:4      | Succumbed to a kobold's poison

Levels and vault maps discovered:
D:1:      lightli_arrival_statue_moat, layout_basic, minmay_tiny_reverse_x
D:2:      layout_basic, serial_shops, shop, minmay_domino_4
D:3:      minmay_inner_zag, layout_rooms,
          mainiacjoe_overflow_concentric_impassable, lemuel_doored_altar,
          serial_shops, nicolae_shop_gibbet_a_chance,
          nicolae_kite_square_tiling_tiny, minmay_curled_crystal,
          grunt_ministairs_13, chequers_decorated_corner,
          minmay_misc_feat_diagonals, uniq_natasha, uniq_jessica
D:4:      layout_rooms, general_overflow_altar

Skill      XL: |  1  2  3  4  5  6 |
---------------+-------------------+-----
Ranged Weapons | 4 5 6 |  6.2
Fighting       | 3 4 |  4.0
Dodging        | |  1.5
Stealth        | |  1.5

Action                     |  1- 3 |  4- 6 || total
---------------------------+-------+-------++-------
   Fire: Shortbow          |    71 |   102 ||   173
Ability: Spit Poison       |    25 |    33 ||    58
    Use: Scroll            |     5 |    10 ||    15
 Armour: Leather armour    |    10 |    21 ||    31
  Dodge: Dodged            |    13 |    31 ||    44

Table legend:
 A = Non-vault XP
 B = Vault XP
 C = Vault XP percentage of total XP
 D = Non-vault monster count
 E = Vault monster count
 F = Vault count percentage of total count
                 A         B        C        D         E       F
            +---------+---------+-------+---------+---------+-------
      Total |     394 |     113 |  22.3 |      77 |      13 |  14.4
            +---------+---------+-------+---------+---------+-------
        D:1 |      52 |       3 |   5.5 |      22 |       2 |   8.3
        D:2 |      49 |      18 |  26.9 |      17 |       4 |  19.0
        D:3 |     111 |      92 |  45.3 |      25 |       7 |  21.9
        D:4 |     182 |       0 |   0.0 |      13 |       0 |   0.0
            +---------+---------+-------+---------+---------+-------
